 Dungeon Crawl Stone Soup version 0.20-a0-1124-g2e29d97 (webtiles) character file.

310 poirepourri the Shield-Bearer (level 6, 0/55 HPs)
             Began as a Minotaur Fighter on May 16, 2017.
             Succumbed to a worker ant's poison
             ... on level 4 of the Dungeon.
             The game lasted 00:01:47 (2188 turns).

poirepourri the Shield-Bearer (Minotaur Fighter)    Turns: 2188, Time: 00:01:48

Health: 0/55       AC:  6    Str: 20    XL:     6   Next: 18%
Magic:  5/5        EV:  8    Int:  5    God:
Gold:   155        SH:  0    Dex: 12    Spells: 5/5 levels left

rFire    . . .     SeeInvis .   a - +0 war axe
rCold    . . .     Gourm    .   c - +0 shield
rNeg     . . .     Faith    .   b - +0 scale mail
rPois    .         Spirit   .   (helmet restricted)
rElec    .         Reflect  .   (no cloak)
rCorr    .         Harm     .   (no gloves)
MR       .....                  (no boots)
Stlth    ..........             (no amulet)
Regen    0.2/turn               (no ring)
MPRegen  0.1/turn               (no ring)

@: confused, lethally poisoned (0 -> -3), slowed, very slow
A: retaliatory headbutt, horns 2
a: no special abilities


You were on level 4 of the Dungeon.
You were full.

You visited 1 branch of the dungeon, and saw 4 of its levels.

You collected 155 gold pieces.

Inventory:

Hand Weapons
 a - a +0 war axe (weapon)
Armour
 b - a +0 scale mail (worn)
 c - a +0 shield (worn)
Jewellery
 e - an uncursed ring of poison resistance {unknown}
 o - a cursed ring of teleportation {unknown}
Scrolls
 h - 2 scrolls of remove curse
 k - 2 scrolls of recharging
Potions
 d - 3 potions of might
 i - 3 potions of heal wounds {unknown}
 j - a potion of flight
 n - a potion of degeneration {unknown}
 p - a potion of cancellation {unknown}
 q - 2 potions of lignification {unknown}
Comestibles
 f - a bread ration
 g - 3 fruits
 l - 2 royal jellies


   Skills:
 + Level 4.9 Fighting
 + Level 5.3 Axes
 - Level 3.6 Armour
 + Level 1.6 Dodging
 + Level 5.5 Shields


You had 5 spell levels left.
You didn't know any spells.

Dungeon Overview and Level Annotations

Branches:
Dungeon (4/15)
 Temple: D:4-7

Altars:


Innate Abilities, Weirdness & Mutations

You reflexively headbutt those who attack you in melee.
You have a pair of horns on your head.


Message History

The orc wizard blinks!
The worker ant bites you.
You are poisoned.
The worker ant poisons you!
An orc and an orc wizard come into view.
You feel sick.
The orc shouts!
The orc priest invokes the aid of Beogh against you.
Pain shoots through your body!
* * * LOW HITPOINT WARNING * * *
You block the orc wizard's attack. The orc wizard casts a spell at you.
You are confused.
The orc wizard hits you but does no damage.
The worker ant bites you.
* * * LOW HITPOINT WARNING * * *
Your scale mail prevents you from hitting the orc wizard.
You headbutt the orc wizard, but do no damage.
You hit the orc wizard but do no damage.
You closely miss the orc. You hit the worker ant.
You die...

##...... .$...... #.
#....... ###. #.o...
....#####oo..
####....##.o#
........##o.# #.....oa.#
#....##@## #.....#oo?.#
#.....################
#....................#
#.#.......#####......#
#.#.#####.#####......#
#.#.....#.##<........#
#.#.#.#+#.######.....###
#............# #........


You could see a worker ant, 4 orc priests, 2 orc wizards and 2 orcs.

Vanquished Creatures
  Menkaure (D:4)
  An orc priest (D:3)
  Natasha (thrice) (D:3)
  A gnoll (D:1)
  An ooze (D:1)
  3 worms
  A dart slug (D:3)
  3 leopard geckos
  7 orcs (D:3)
  6 goblins
  6 hobgoblins
  3 jackals (D:3)
  5 kobolds
  A quokka (D:3)
  A ball python (D:3)
  7 bats
  6 frilled lizards
  3 rats
59 creatures vanquished.

Vanquished Creatures (others)
  A rat (D:1)
1 creature vanquished.

Grand Total: 60 creatures vanquished

Notes
Turn   | Place    | Note
-------+----------+-------------------------------------------
     0 | D:1      | poirepourri the Minotaur Fighter began the quest for the Orb.
     0 | D:1      | Reached XP level 1. HP: 19/19 MP: 0/0
    11 | D:1      | Reached XP level 2. HP: 27/27 MP: 1/1
   451 | D:1      | Reached XP level 3. HP: 32/33 MP: 2/2
  1424 | D:3      | Noticed Natasha
  1434 | D:3      | Killed Natasha
  1434 | D:3      | Reached XP level 4. HP: 17/41 MP: 3/3
  1684 | D:3      | Reached skill level 5 in Shields
  1772 | D:3      | Noticed Natasha
  1779 | D:3      | Killed Natasha
  1779 | D:3      | Reached XP level 5. HP: 34/47 MP: 4/4
  2021 | D:3      | Noticed Natasha
  2025 | D:3      | Killed Natasha
  2025 | D:3      | Reached skill level 1 in Dodging
  2127 | D:4      | Noticed Menkaure
  2139 | D:4      | Killed Menkaure
  2139 | D:4      | Reached skill level 5 in Axes
  2139 | D:4      | Reached XP level 6. HP: 30/55 MP: 5/5
  2187 | D:4      | HP: 1/55 [worker ant (6)]
  2188 | D:4      | Succumbed to a worker ant's poison

Vault maps used:
D:1:      shiori_arrival_oz, minmay_statues_item
D:2:      first_bread, lemuel_statue_altar
D:3:      uniq_natasha
D:4:      nicolae_tso_carved_into_rock, uniq_menkaure, uniq_blork_the_orc

Skill      XL: |  1  2  3  4  5 |
---------------+----------------+-----
Fighting       | 4 |  4.9
Shields        | 4 5 |  5.5
Axes           | 3 4 5 |  5.3
Dodging        | 1 |  1.6
Armour         | |  3.6

Action                   |  1- 3 |  4- 6 || total
-------------------------+-------+-------++-------
Melee: War axe           |    78 |    60 ||   138
       Headbutt          |    14 |    12 ||    26
  Use: Scroll            |     4 |     2 ||     6
  Eat: Bread ration      |       |     2 ||     2
Armor: Scale mail        |    44 |    20 ||    64
Dodge: Dodged            |    26 |    22 ||    48
Block: Shield            |    71 |    39 ||   110
